 Dungeon Crawl Stone Soup version bcrawl-1.19.2-6-g6a88ae04c9 (webtiles) character file.

Game seed: 8456793962400623946

2552 Mrkan the Basher (level 9, -8/57 HPs)
             Began as a Gargoyle Fighter on Dec 31, 2019.
             Was a Priest of Okawaru.
             Mangled by a catoblepas (21 damage)
             ... on level 7 of the Dungeon.
             The game lasted 00:08:33 (6432 turns).

Mrkan the Basher (Gargoyle Fighter)                 Turns: 6432, Time: 00:08:33

Health: -8/57      AC: 26    Str: 19    XL:     9   Next: 56%
Magic:  9/9        EV:  6    Int: 10    God:    Okawaru [***...]
Gold:   310        SH: 10    Dex: 12    Spells: 8/8 levels left

rFire    . . .     SeeInvis .   s - +2 flail (protect)
rCold    . . .     Gourm    .   c - +0 shield
rNeg     + . .     Faith    .   y - +0 chain mail
rPois    ∞         Spirit   .   (no helmet)
rElec    +         Reflect  .   (no cloak)
rCorr    .         Harm     .   x - +0 pair of gloves
MR       .....                  l - +0 pair of boots (curse)
Stlth    ..........             (no amulet)
HPRegen  0.19/turn              (no ring)
MPRegen  0.11/turn              (no ring)

@: protection aura
A: negative energy resistance 1, electricity resistance, unbreathing,
petrification resistance, rot immunity, AC +6
a: Heroism, Renounce Religion


You were on level 7 of the Dungeon.
You worshipped Okawaru.
Okawaru was most pleased with you.
You were not hungry.

You visited 1 branch of the dungeon, and saw 7 of its levels.

You collected 310 gold pieces.

Inventory:

Hand Weapons
 a - a +0 flail
 s - a +2 flail of protection (weapon)
Armour
 c - a +0 shield (worn)
 l - a cursed +0 pair of boots (worn)
 x - a +0 pair of gloves (worn)
 y - a +0 chain mail (worn)
Jewellery
 i - an uncursed ring of flight {unknown}
 m - an uncursed amulet of regeneration
 n - an uncursed ring of see invisible {unknown}
 p - an uncursed ring of magical power {unknown}
 w - an uncursed ring of protection from magic {unknown}
Wands
 o - a wand of polymorph (14)
 u - a wand of iceblast (12)
 v - a wand of acid (15)
Scrolls
 e - 6 scrolls of identify
 g - 3 scrolls of amnesia
 h - 3 scrolls of teleportation
 k - 4 scrolls of remove curse {unknown}
 q - 2 scrolls of immolation {unknown}
 t - a scroll of blinking {unknown}
Potions
 d - 4 potions of curing {unknown}
 j - 2 potions of brilliance {unknown}
 r - a potion of cancellation {unknown}
 z - a potion of flight {unknown}
Comestibles
 f - 7 rations {!d}
 A - 7 chunks of flesh


   Skills:
 + Level 7.0 Fighting
 * Level 8.3 Maces & Flails
 + Level 7.0 Armour
 + Level 7.0 Shields


You had 8 spell levels left.
You didn't know any spells.
Your spell library was empty.

Dungeon Overview and Level Annotations

Branches:
Dungeon (7/12)             Temple (0/1) D:4
   Lair: D:7-9

Altars:
Elyvilon
Makhleb
Okawaru
The Shining One

Shops:
D:4 =   D:6 !


Innate Abilities, Weirdness & Mutations

You are resistant to torment.
Your stone body is resilient. (AC +6)
You are immune to poison.
You resist negative energy. (rN+)
You are resistant to electric shocks. (rElec)
You can survive without breathing.
You are immune to petrification.
You are immune to rotting.


Message History

The catoblepas is heavily wounded.
You block the catoblepas's attack.
You completely miss the catoblepas.
The catoblepas is heavily wounded.
The catoblepas gores you. The catoblepas gores you!
You hit the catoblepas.
The catoblepas is heavily wounded.
The catoblepas gores you.
You thump the catoblepas!
The catoblepas is severely wounded.
You block the catoblepas's attack.
You sock the catoblepas!
The catoblepas is severely wounded.
The catoblepas roars fiercely, eyes lowered.
The catoblepas gores you!
* * * LOW HITPOINT WARNING * * *
You hit the catoblepas.
The catoblepas is severely wounded.
The catoblepas gores you!!
You die...

##>............
#####.########
#...########
#..........#
#..........#
####...........
#.............#
#.............#
#.....@...(...#
#....Y###.#####
#.....# .#
#.....# .#
.......#
##......#
#......#
#.###.##


You could see a catoblepas.

Vanquished Creatures
  Grinder (D:5)
  Sigmund (D:4)
  Duvessa (D:6)
  3 ice beasts
  6 sky beasts
  3 ogres
  A centaur (D:5)
  A big kobold (D:3)
  Blork the orc (D:5)
  A bullfrog (D:5)
  Dowan (D:6)
  A crimson imp (D:6)
  2 bullfrog skeletons
  2 orc priests
  2 jellies
  5 orc wizards
  3 worker ants
  3 gnolls (D:3)
  11 adders
  An ooze (D:6)
  An adder skeleton (D:5)
  2 worms
  8 dart slugs
  8 leopard geckos
  27 orcs
  4 bats
  7 goblins
  8 hobgoblins
  6 jackals
  A quokka (D:3)
  A ball python (D:1)
  2 frilled lizards
  8 kobolds
  7 rats
140 creatures vanquished.

Notes
Turn   | Place    | Note
-------+----------+-------------------------------------------
     0 | D:1      | Mrkan the Gargoyle Fighter began the quest for the Orb.
     0 | D:1      | Reached XP level 1. HP: 14/14 MP: 1/1
    33 | D:1      | Reached XP level 2. HP: 16/19 MP: 2/2
   235 | D:1      | Reached XP level 3. HP: 17/23 MP: 3/3
   950 | D:2      | Reached skill level 3 in Maces & Flails
   950 | D:2      | Reached XP level 4. HP: 18/29 MP: 4/4
  1309 | D:2      | Found a faded altar of an unknown god.
  1345 | D:2      | Reached XP level 5. HP: 33/33 MP: 5/5
  1418 | D:2      | Found an iron altar of Okawaru.
  1443 | D:2      | Became a worshipper of Warmaster Okawaru
  1629 | D:3      | Found a burning altar of Makhleb.
  2194 | D:3      | Noticed a big kobold
  2209 | D:3      | Killed a big kobold
  2209 | D:3      | Reached skill level 4 in Maces & Flails
  2209 | D:3      | Reached XP level 6. HP: 39/39 MP: 6/6
  2821 | D:4      | Reached XP level 7. HP: 18/44 MP: 7/7
  3032 | D:4      | Reached skill level 5 in Maces & Flails
  3224 | D:4      | Reached * piety under Okawaru
  3465 | D:4      | Noticed Sigmund
  3478 | D:4      | Killed Sigmund
  3478 | D:4      | Reached skill level 5 in Fighting
  3478 | D:4      | Reached skill level 5 in Armour
  3478 | D:4      | Reached skill level 5 in Shields
  3516 | D:4      | Found Zizucoh's Jewellery Shop.
  3528 | D:4      | Found a staircase to the Ecumenical Temple.
  3919 | D:5      | Entered Level 5 of the Dungeon
  3929 | D:5      | Reached skill level 6 in Maces & Flails
  3929 | D:5      | Reached XP level 8. HP: 50/50 MP: 8/8
  3941 | D:5      | Found a glowing golden altar of the Shining One.
  3952 | D:5      | Noticed Blork the orc
  3980 | D:5      | Killed Blork the orc
  3981 | D:5      | Reached ** piety under Okawaru
  4333 | D:5      | Reached skill level 7 in Maces & Flails
  4527 | D:5      | Reached *** piety under Okawaru
  4809 | D:6      | Noticed Duvessa
  4810 | D:6      | Noticed Dowan
  4824 | D:6      | Killed Duvessa
  4832 | D:6      | Killed Dowan
  4832 | D:6      | Reached XP level 9. HP: 21/56 MP: 9/9
  4849 | D:6      | Noticed Grinder
  4858 | D:6      | Paralysed by Grinder for 3 turns
  4893 | D:6      | Found a white marble altar of Elyvilon.
  5148 | D:6      | Paralysed by Grinder for 2 turns
  5182 | D:5      | Paralysed by Grinder for 2 turns
  5189 | D:5      | Paralysed by Grinder for 4 turns
  5204 | D:5      | Killed Grinder
  5808 | D:6      | Found Kiurag's Distillery.
  5836 | D:6      | Reached skill level 8 in Maces & Flails
  6417 | D:7      | Noticed a catoblepas
  6432 | D:7      | Mangled by a catoblepas

Skill      XL: |  1  2  3  4  5  6  7  8  9 |
---------------+----------------------------+-----
Maces & Flails | 3 4 6 7 8 |  8.3
Armour         | 4 5 6 7 |  7.0
Fighting       | 4 5 6 7 |  7.0
Shields        | 4 5 6 7 |  7.0

Action                   |  1- 3 |  4- 6 |  7- 9 || total
-------------------------+-------+-------+-------++-------
Melee: Flail             |   142 |   227 |   363 ||   732
  Use: Potion            |       |     1 |       ||     1
       Scroll            |       |       |     3 ||     3
  Eat: Chunk             |       |     7 |    12 ||    19
Armor: Scale mail        |   100 |   156 |   203 ||   459
       Chain mail        |       |       |     4 ||     4
Dodge: Dodged            |    51 |    74 |   101 ||   226
Block: Shield            |    96 |   147 |   172 ||   415
